Selects Indian Artillery Battlegroup
Construct Section Command Post
Selects Artillery Saturation
Construct Platoon Command Post
Construct Field Infirmary
Selects Off-map Airburst Barrage
Selects Off-map Airburst Barrage
Selects Off-map Airburst Barrage
Unlock M3 Stuart Light Tanks
Selects BL5.5 Artillery Emplacement
6-pounder Anti-tank Gun Team
Selects Gurkha Rifles Section
Construct Company Command Post